 Dungeon Crawl Stone Soup version 0.24.0-35-gdb84b6a5db (webtiles) character file.

Game seed: 5843645169051401049, levelgen mode: deterministic

78 Iamsoldier the Ruffian (level 4, -4/36 HPs)
             Began as a Draconian Transmuter on Nov 20, 2019.
             Was an Initiate of Okawaru.
             Killed by divine providence
             ... invoked by an orc priest
              (14 damage)
             ... on level 3 of the Dungeon.
             The game lasted 00:06:30 (2160 turns).

Iamsoldier the Ruffian (Draconian Transmuter)       Turns: 2160, Time: 00:06:30

Health: -4/36      AC:  5    Str: 12    XL:     4   Next: 15%
Magic:  7/7        EV: 12    Int: 15    God:    Okawaru [......]
Gold:   146        SH:  0    Dex: 11    Spells: 2/8 levels left

rFire    . . .     SeeInvis .     - Unarmed
rCold    . . .     Gourm    .   (no shield)
rNeg     . . .     Faith    .   (armour unavailable)
rPois    .         Spirit   .   (helmet restricted)
rElec    .         Reflect  .   (no cloak)
rCorr    .         Harm     .   (no gloves)
MR       .....                  (no boots)
Stlth    +.........             (no amulet)
HPRegen  0.12/turn              m - ring of wizardry
MPRegen  0.10/turn              (no ring)

@: no status effects
A: unfitting armour, cold-blooded, AC +5
a: Renounce Religion


You were on level 3 of the Dungeon.
You worshipped Okawaru.
Okawaru was noncommittal.
You were not hungry.

You visited 1 branch of the dungeon, and saw 3 of its levels.

You collected 146 gold pieces.

Inventory:

Hand Weapons
 a - a +0 hunting sling of velocity
Missiles
 n - 12 arrows
 o - 7 stones (quivered)
Jewellery
 m - a ring of wizardry (left hand)
Scrolls
 b - a scroll of immolation {unknown}
 d - a scroll of noise
 e - 3 scrolls of remove curse
 g - 6 scrolls of identify {unknown}
 j - 2 scrolls of enchant armour {unknown}
 k - a scroll of fog {unknown}
 l - 2 scrolls of magic mapping {unknown}
 r - a scroll of enchant weapon {unknown}
Potions
 f - a potion of haste {unknown}
 i - 2 potions of heal wounds {unknown}
 p - a potion of curing {unknown}
 q - 2 potions of brilliance {unknown}
 s - a potion of ambrosia {unknown}
Comestibles
 c - 5 rations
 h - 3 chunks of flesh


   Skills:
 + Level 2.1 Fighting
 + Level 2.3 Dodging
 + Level 3.4 Unarmed Combat
 + Level 2.6 Spellcasting
 + Level 2.6 Transmutations
 * Level 0.2 Poison Magic


You had 2 spell levels left.
You knew the following spells:

 Your Spells              Type           Power        Failure   Level  Hunger
a - Beastly Appendage     Tmut           #.....       2%          1    #......
b - Spider Form           Tmut/Pois      #.........   14%         3    ###....
c - Sticks to Snakes      Tmut           #.......     4%          2    ###....

Your spell library contained the following spells:

 Spells                   Type           Power        Failure   Level  Hunger
 Ice Form                 Ice/Tmut       #.......     43%         4    #####..
 Blade Hands              Tmut           #.........   58%         5    ######.


Dungeon Overview and Level Annotations

Branches:
Dungeon (3/15)

Altars:
Okawaru

Annotations:
D:2 1 runed translucent door, 1 exclusion, Crazy Yiuf


Innate Abilities, Weirdness & Mutations

Your plain brown scales are hard. (AC +5)
You cannot fit into any form of body armour.
You are cold-blooded and may be slowed by cold attacks.


Message History

Some of the chunks of flesh in your inventory have rotted away.
Things that are here:
a +0 club; a hobgoblin corpse You see here a scroll of remove curse.
The orc priest mumbles some strange prayers to Beogh against you.
Beogh smites you!
* * * LOW HITPOINT WARNING * * *
Things that are here:
a +0 short sword; 32 gold pieces; an orc corpse Your transformation is almost over.
Your talons disappear.
Found a robe.
There is a stone staircase leading down here.
The orc priest looks encouraged for a moment.
The goblin hits you.
* * * LOW HITPOINT WARNING * * *
The goblin completely misses you.
The orc priest calls down the wrath of Beogh upon you.
Beogh smites you!
You die...

#.#...# #.# #.# #...#.#
#.# #.# ###...#
#####.###.# ##.##
#.....o...#####.# #.#
#o###...........# #.#
#g######...######### #.#
#.....##............ #.#
###g#.##...######... #.#
####@#.#####.........
#.####....#....##.######.#
##.##...#######.##.# #.#
#..##.#....#....##.# #g#
#.###.####.#.#####o# #.#
#.# #.# #<#.# #.# ###.#
#.# #.# #...# #.####o...
#.# #.# ###### #.#..g#...
#.# #.###>..# #.#..###.#


You could see an orc priest, a hobgoblin and a goblin.

Vanquished Creatures
  2 adders (D:2)
  An ooze (D:3)
  A worm (D:3)
  A dart slug (D:2)
  2 leopard geckos
  An orc (D:3)
  2 giant cockroaches (D:2)
  4 goblins
  4 hobgoblins
  7 kobolds
  9 bats
  5 frilled lizards
  11 rats
50 creatures vanquished.

Notes
Turn   | Place    | Note
-------+----------+-------------------------------------------
     0 | D:1      | Iamsoldier the Draconian Transmuter began the quest for the
                  | Orb.
     0 | D:1      | Reached XP level 1. HP: 16/16 MP: 3/3
   343 | D:1      | Reached XP level 2. HP: 21/23 MP: 3/5
   630 | D:2      | Found an iron altar of Okawaru.
   634 | D:2      | Became a worshipper of Warmaster Okawaru
   864 | D:2      | Reached XP level 3. HP: 23/29 MP: 4/6
   991 | D:2      | Learned a level 3 spell: Spider Form
   994 | D:2      | Learned a level 2 spell: Sticks to Snakes
  1715 | D:2      | Found a runed translucent door.
  1716 | D:2      | Noticed Crazy Yiuf
  1965 | D:3      | Reached XP level 4. HP: 35/36 MP: 7/7
  2160 | D:3      | Killed from afar by an orc priest

Levels and vault maps discovered:
D:1:      lordsloth_arrival_two_stooges, layout_rooms
D:2:      layout_basic, overflow_temple_1_default, minmay_domino_2,
          uniq_crazy_yiuf_cottage
D:3:      layout_loops_ring, first_ration, kennysheep_generic_room_4

Skill      XL: |  1  2  3 |
---------------+----------+-----
Dodging        | 2 |  2.3
Fighting       | 2 |  2.1
Unarmed Combat | |  3.4
Spellcasting   | |  2.6
Transmutations | |  2.6
Poison Magic   | |  0.2

Action                   |  1- 3 |  4- 6 || total
-------------------------+-------+-------++-------
Melee: Unarmed           |   149 |    10 ||   159
       Headbutt          |     8 |     1 ||     9
       Kick              |     2 |     1 ||     3
       Tailslap          |    13 |     2 ||    15
 Cast: Beastly Appendage |    15 |     3 ||    18
  Use: Scroll            |     2 |       ||     2
  Eat: Chunk             |     4 |       ||     4
Armor: Skin              |    55 |     1 ||    56
Dodge: Dodged            |   122 |     5 ||   127
